 Dungeon Crawl Stone Soup version 0.28-a0-662-g1651b1f1e0 (webtiles) character file.

Game seed: 11564943177226649083

227 ytrimaz the Covert (level 6, -4/45 HPs)
             Began as an Octopode Brigand on Oct 14, 2021.
             Was an Initiate of Ashenzari.
             Slain by a lemure (9 damage)
             ... led by Pikel
             ... on level 4 of the Dungeon.
             The game lasted 00:07:09 (4543 turns).

ytrimaz the Covert (Octopode Brigand)               Turns: 4543, Time: 00:07:09

Health: -4/45      AC:  1    Str: 10 (11) XL:     6   Next: 2%
Magic:  6/6        EV: 12    Int: 15      God:    Ashenzari [......]
Gold:   305        SH:  0    Dex: 15      Spells: 5/5 levels left

rFire   . . .      SeeInvis .   k - +5 dagger (flame)
rCold   + . .      Faith    .   (no shield)
rNeg    . . .      Spirit   .   (helmet restricted)
rPois   .          Reflect  .   (no amulet)
rElec   .          Harm     .   g - ring of protection from cold
rCorr   .          Rampage  .   (no ring)
Will    +....                   (no ring)
Stlth   +++++.....              (no ring)
HPRegen 0.15/turn               (no ring)
MPRegen 0.10/turn               (no ring)
                                (no ring)
                                (no ring)

@: no status effects
A: almost no armour, amphibious, 8 rings, camouflage 1, gelatinous body 1,
(nimble swimmer 1), tentacles, clever 1, deterioration 1, strong-willed 1,
robust 1
a: Renounce Religion


You were on level 4 of the Dungeon.
You worshipped Ashenzari.
Ashenzari was noncommittal.
You visited 2 branches of the dungeon, and saw 5 of its levels.
You also visited: Ossuary.

You collected 305 gold pieces.

Inventory:

Hand Weapons
 a - a +2 dagger
 e - a +3 short sword
 k - a +5 dagger of flaming (weapon)
 l - a +1 dagger of holy wrath
Missiles
 b - 13 poisoned darts (quivered)
 c - 2 curare-tipped darts
Jewellery
 g - a ring of protection from cold (left tentacle)
Scrolls
 j - a scroll of blinking
 o - a scroll of magic mapping
Potions
 d - 2 potions of flight
 f - a potion of ambrosia
 h - 2 potions of might
 m - a potion of haste
 n - a potion of magic
 q - 2 potions of lignification


   Skills:
 * Level 2.5 Fighting
 + Level 3.2 Short Blades
 - Level 2.0 Throwing
 - Level 1.0 Dodging
 * Level 8.7 Stealth


You had 5 spell levels left.
You didn't know any spells.
Your spell library contained the following spells:

 Spells                   Type           Power      Damage    Failure   Level
 Gell's Gravitas          Tloc           0%         N/A       63%         3
 Lesser Beckoning         Tloc           0%         N/A       63%         3
 Teleport Other           Tloc           0%         N/A       63%         3


Dungeon Overview and Level Annotations

Branches:
Dungeon (4/15)             Temple (1/1) D:4         Ossuary (visited)

Altars:
Ashenzari
Dithmenos
Elyvilon
Fedhas
Gozag
Hepliaklqana
Kikubaaqudgha
Makhleb
Nemelex Xobeh
Qazlal
Sif Muna
Uskayaw
Vehumet
Yredelemnul
Zin
The Shining One

Shops:
D:3 :


Innate Abilities, Weirdness & Mutations

You cannot wear most types of armour.
You are amphibious.
You can wear up to eight rings at the same time.
Your skin changes colour to match your surroundings (Stealth+).
Your rubbery body absorbs attacks. (AC +1, EV +1)
((You are camouflaged near water. (Stealth+)))
You have tentacles for arms and can constrict up to eight enemies at once.
Your mind is acute. (Int +2)
Your body sometimes deteriorates upon taking damage.
You are strong-willed. (Will+)
You are robust. (+10% HP)


Message History

A lemure comes into view.
The goblin hits you with a +0 club.
You hit the goblin. You burn the goblin.
You kill the goblin!
You see here a +0 club.
You hit the lemure. You burn the lemure. Your grab misses the lemure.
You squeeze the lemure.
The lemure is moderately wounded.
The lemure hits you!
You miss the lemure. Your grab misses the lemure. You squeeze the lemure.
The lemure is severely wounded.
The lemure hits you.
A lemure comes into view.
The lemure shouts!
You hit the lemure but do no damage. Your grab misses the lemure.
The lemure is severely wounded.
You hear a shout!
The lemure hits you!
You hit the lemure. You burn the lemure. You grab the lemure.
The lemure is severely wounded.
You constrict the lemure, but do no damage.
The lemure hits you!
You hit the lemure but do no damage.
The lemure is severely wounded.
You constrict the lemure.
Unknown command.
You hit the lemure. You burn the lemure.
The lemure is almost dead.
You constrict the lemure. The lemure hits you.
* * * LOW HITPOINT WARNING * * *
The lemure hits you.
* * * LOW HITPOINT WARNING * * *
Unknown command.
You release your grip on the lemure.
The lemure hits you.
* * * LOW HITPOINT WARNING * * *
There is a stone staircase leading up here.
Unknown command.
The lemure hits you!
You die...

### . ...... ## #.# .
##....
#..###.###.####....[..
#..#.....#............ #
#..###.###..... ##...
#.######....#.#....# #...
..........)#'#...# #...
...###..55.....# #...
######.######@###### #...
#.<........##..### ###....
#................#
####....###
#..........#...#.###....###
#....................####
####........).#.#.####
#.................# #####
#.........#.8.#...#####....
#.......#.......#...##..###


You could see 2 lemures.

Vanquished Creatures
  An iguana (D:4)
  Jessica (D:2)
  8 mummies (Ossuary)
  2 adders
  A worm (D:3)
  A dart slug (D:3)
  3 endoplasms
  A giant cockroach (D:1)
  4 goblins
  4 hobgoblins
  4 jackals (D:1)
  A quokka (D:2)
  6 ball pythons
  5 bats
  4 frilled lizards
  2 gnoll zombies (Ossuary)
  4 hobgoblin zombies (Ossuary)
  6 kobolds
  A kobold zombie (Ossuary)
  An orc zombie (Ossuary)
  4 rats
64 creatures vanquished.

Vanquished Creatures (others)
  6 fungi
  2 plants (D:2)
8 creatures vanquished.

Grand Total: 72 creatures vanquished

Notes
Turn   | Place    | Note
-------+----------+-------------------------------------------
     0 | D:1      | ytrimaz the Octopode Brigand began the quest for the Orb.
     0 | D:1      | Reached XP level 1. HP: 14/14 MP: 1/1
   258 | D:1      | Reached skill level 6 in Stealth
   258 | D:1      | Reached XP level 2. HP: 15/19 MP: 2/2
   806 | D:2      | Noticed Jessica
   809 | D:2      | Reached XP level 3. HP: 24/24 MP: 3/3
   966 | D:2      | Killed Jessica
   967 | D:2      | Reached skill level 7 in Stealth
  1134 | D:2      | Found a faded altar of an unknown god.
  1150 | D:2      | Reached XP level 4. HP: 20/29 MP: 4/4
  2050 | D:3      | Found Ytahox's Book Emporium.
  2746 | D:3      | Found a shadowy altar of Dithmenos.
  3226 | D:4      | Noticed a scorpion
  3274 | D:3      | Gained mutation: Your mind is acute. (Int +2) [potion of
                  | mutation]
  3274 | D:3      | Gained mutation: You are robust. (+10% HP) [potion of
                  | mutation]
  3274 | D:3      | Gained mutation: Your body sometimes deteriorates upon
                  | taking damage. [potion of mutation]
  3274 | D:3      | Gained mutation: You are strong-willed. (Will+) [potion of
                  | mutation]
  3318 | D:4      | Found a staircase to the Ecumenical Temple.
  3328 | D:4      | Found a hide-covered altar of Uskayaw.
  3330 | D:4      | Found a glowing silver altar of Zin.
  3338 | D:4      | Reached skill level 8 in Stealth
  3338 | D:4      | Reached XP level 5. HP: 14/37 MP: 5/5
  3648 | Temple   | Entered the Ecumenical Temple
  3838 | Temple   | Became a worshipper of Ashenzari the Shackled
  3887 | D:4      | Found a sand-covered staircase.
  3892 | Ossuary  | Entered an ossuary
  4362 | Ossuary  | Reached XP level 6. HP: 45/45 MP: 6/6
  4543 | D:4      | Slain by a lemure

Illustrated notes

Levels and vault maps discovered:
D:1:      ncdulo_wetmaze, layout_loops_ring, roderic_roman_lattice
D:2:      layout_basic, shapermc_ecumenical_altar_gd,
          amcnicky_mini_rare_corridor_liquid, grunt_ministairs_6, uniq_jessica
D:3:      layout_loops_corners, general_overflow_altar, serial_shops,
          nicolae_shop_statue_plus, amcnicky_mini_pool_small
D:4:      layout_rooms, grunt_temple_overflow_open,
          minmay_temple_entry_sparse_star, nicolae_ossuary_entry_plus,
          serial_aquarium, aquarium_bridge_straight [aquarium_subvault_bridge,
          aquarium_subvault_window, aquarium_subvault_bridge,
          aquarium_subvault_wall], aquarium_window_fake,
          aquarium_window_corridor_3, aquarium_view_2c, aquarium_view_2a,
          aquarium_pool_side, uniq_pikel
Temple:   nicolae_temple_figure_eight

Skill      XL: |  1  2  3  4  5 |
---------------+----------------+-----
Stealth        | 6 7 8 |  8.7
Short Blades   | 3 |  3.2
Fighting       | |  2.5
Throwing       | |  2.0
Dodging        | |  1.0

Action                   |  1- 3 |  4- 6 || total
-------------------------+-------+-------++-------
Melee: Dagger            |    52 |    75 ||   127
       Constrict         |     8 |    26 ||    34
       Tentacles         |     7 |    14 ||    21
  Use: Scroll            |     2 |     5 ||     7
       Potion            |       |     5 ||     5
 Stab: Sleeping          |    12 |     8 ||    20
Armor: Skin              |    10 |    12 ||    22
Dodge: Dodged            |    39 |    52 ||    91

Table legend: (Time is in decaauts)
 A = Elapsed time spent in this place.
 B = Non-inter-level travel time spent in this place.
 C = Inter-level travel time spent in this place.
 D = Time resting spent in this place.
 E = Time spent auto-exploring this place.
 F = Levels seen in this place.
 G = Mean time per level.
                   A        B        C        D        E       F      G
               +--------+--------+--------+--------+--------+-----+--------+
         Total |   4509 |   4126 |    383 |    371 |   2734 |   6 |  751.5 |
       Dungeon |   3668 |   3296 |    372 |     60 |   2540 |   4 |  917.0 |
        Temple |    215 |    204 |     11 |      0 |    167 |   1 |  215.0 |
       Ossuary |    625 |    625 |      0 |    311 |     27 |   1 |  625.0 |
               +--------+--------+--------+--------+--------+-----+--------+

Top non-repeatable levels by time:
     D:3: 1254 daAuts
     D:2: 1216 daAuts
     D:1: 816 daAuts
 Ossuary: 625 daAuts
     D:4: 381 daAuts
  Temple: 215 daAuts
